 Dungeon Crawl Stone Soup version 0.27-a0-1188-g73eefd5def (webtiles) character file.

Game seed: 140674126101841463

140 Glokmah the Bolt Thrower (level 5, -7/39 HPs)
             Began as a Demonspawn Arcane Marksman on May 21, 2021.
             Splashed by a jelly's acid (10 damage)
             ... on level 3 of the Dungeon.
             The game lasted 00:04:27 (2719 turns).

Glokmah the Bolt Thrower (DsAM)                     Turns: 2719, Time: 00:04:29

Health: -7/39      AC: -6    Str: 10    XL:     5   Next: 2%
Magic:  6/6        EV: 12    Int: 14    God:
Gold:   55         SH:  5    Dex: 15    Spells: 2/6 levels left

rFire    + . .     SeeInvis .   b - +0 rapier
rCold    . . .     Faith    .   (no shield)
rNeg     . . .     Spirit   .   e - +0 robe
rPois    .         Reflect  +   (helmet restricted)
rElec    .         Harm     .   (no cloak)
rCorr    .         Rampage  .   (no gloves)
Will     .....                  (no boots)
Stlth    +.........             h - amulet of reflection
HPRegen  0.13/turn              c - ring of protection from fire
MPRegen  0.10/turn              (no ring)

@: corroded
A: antennae 1, powered by pain 2
a: no special abilities


You were on level 3 of the Dungeon.
You visited 1 branch of the dungeon, and saw 3 of its levels.

You collected 55 gold pieces.

Inventory:

Hand Weapons
 a - a +0 hand crossbow
 b - a +0 rapier (weapon)
Missiles
 d - 13 bolts
 f - 14 poisoned darts (quivered)
Armour
 e - a +0 robe (worn)
Jewellery
 c - a ring of protection from fire (left hand)
 h - an amulet of reflection (around neck)
Scrolls
 i - a scroll of immolation {unknown}
Potions
 g - a potion of mutation {unknown}
 j - a potion of berserk rage {unknown}


   Skills:
 + Level 2.6 Fighting
 * Level 3.9 Crossbows
 - Level 1.7 Dodging
 + Level 1.1 Spellcasting
 * Level 3.1 Hexes
 + Level 0.1 Fire Magic


You had 2 spell levels left.
You knew the following spells:

 Your Spells              Type           Power      Damage    Failure   Level
a - Corona                Hex            10%        N/A       8%          1
b - Inner Flame           Hex/Fire       5%         N/A       38%         3

Your spell library contained the following spells:

 Spells                   Type           Power      Damage    Failure   Level
 Slow                     Hex            9%         N/A       11%         2
 Portal Projectile        Hex/Tloc       10%        N/A       38%         3
 Cause Fear               Hex            4%         N/A       58%         4
 Leda's Liquefaction      Hex/Erth       2%         N/A       80%         4


Dungeon Overview and Level Annotations

Branches:
Dungeon (3/15)

Altars:
Xom


Innate Abilities, Weirdness & Mutations

You have a pair of small antennae on your head.
You sometimes gain power by taking damage.


Message History

Found 16 arrows.
Found a ring mail.
j - a lumpy black potion
Found a hunting sling.
You see here 13 arrows.
A jelly comes into view.
The jelly moves out of view.
A jelly is nearby!
The jelly quivers.
The jelly barely misses you.
You completely miss the jelly. The jelly closely misses you.
You hit the jelly.
Your hands burn!
The jelly is lightly wounded.
The jelly hits you.
You are splashed with acid.
You hit the jelly.
Your hands burn!
The jelly is lightly wounded.
The jelly closely misses you.
You hit the jelly.
Your hands burn!
The jelly is moderately wounded.
The jelly closely misses you. You block the jelly's attack.
You hit the jelly. The acid corrodes you!
Your hands burn!
The jelly is heavily wounded.
The jelly closely misses you.
You hit the jelly.
Your hands burn!
The jelly is heavily wounded.
You block the jelly's attack.
You hit the jelly.
Your hands burn!
The jelly is severely wounded.
You block the jelly's attack.
You barely miss the jelly.
The jelly is severely wounded.
The jelly hits you.
You are splashed with acid.
* * * LOW HITPOINT WARNING * * *
You hit the jelly but do no damage.
Your hands burn!
* * * LOW HITPOINT WARNING * * *
The jelly is severely wounded.
The jelly hits you.
* * * LOW HITPOINT WARNING * * *
The acid corrodes you!
You are splashed with acid!
You die...

#.................
###.....>......###### .
##...........##.....#
#......†....#..##.#
#...................
#...............##
#..>............#####
#...................#
#..........J@.......#
##.........<.........#
#.............##....##
#.............####...##
###.............# ##...#
#...............# ##(.####
#...............### ##....#.###
#.....#....(......#######.......
#.....#..................##..###


You could see a jelly.

Vanquished Creatures
  Natasha (thrice) (D:2)
  2 adders (D:3)
  3 dart slugs
  6 ball pythons
  2 endoplasms
  A giant cockroach (D:1)
  2 goblins (D:1)
  2 hobgoblins
  7 jackals
  3 kobolds
  3 quokkas
  2 bats
  3 frilled lizards (D:1)
  3 rats
42 creatures vanquished.

Notes
Turn   | Place    | Note
-------+----------+-------------------------------------------
     0 | D:1      | Glokmah the Demonspawn Arcane Marksman began the quest for
                  | the Orb.
     0 | D:1      | Reached XP level 1. HP: 15/15 MP: 2/2
   131 | D:1      | Gained mutation: You sometimes gain a little power by
                  | taking damage. [demonic ancestry]
   131 | D:1      | Reached XP level 2. HP: 21/21 MP: 3/3
   682 | D:1      | HP: 1/22 [endoplasm (3)]
  1217 | D:1      | Gained mutation: You sometimes gain power by taking damage.
                  | [demonic ancestry]
  1217 | D:1      | Reached XP level 3. HP: 27/27 MP: 4/4
  1666 | D:2      | Noticed Natasha
  1669 | D:2      | Killed Natasha
  1783 | D:2      | Noticed Natasha
  1792 | D:2      | Killed Natasha
  1793 | D:2      | Reached XP level 4. HP: 14/34 MP: 5/5
  1891 | D:2      | Noticed Natasha
  1896 | D:2      | Killed Natasha
  2462 | D:2      | Learned a level 3 spell: Inner Flame
  2501 | D:3      | Found a shimmering altar of Xom.
  2556 | D:3      | Gained mutation: You have a pair of small antennae on your
                  | head. [demonic ancestry]
  2556 | D:3      | Reached XP level 5. HP: 29/39 MP: 6/6
  2719 | D:3      | Splashed by a jelly's acid

Illustrated notes

Levels and vault maps discovered:
D:1:      kilobyte_arrival_exit_the_forest, layout_basic
D:2:      layout_basic, uniq_natasha
D:3:      layout_rooms, lightli_temple_of_fire, lemuel_doored_altar

Skill      XL: |  1  2  3 |
---------------+----------+-----
Crossbows      | 2 3 |  3.9
Fighting       | 2 |  2.6
Dodging        | |  1.7
Spellcasting   | |  1.1
Hexes          | |  3.1
Fire Magic     | |  0.1

Action                   |  1- 3 |  4- 6 || total
-------------------------+-------+-------++-------
Melee: Dagger            |    33 |       ||    33
       Rapier            |    28 |    28 ||    56
 Fire: Hand crossbow     |    53 |    11 ||    64
  Use: Scroll            |     3 |     2 ||     5
 Stab: Sleeping          |       |     1 ||     1
Armor: Robe              |    21 |     1 ||    22
Dodge: Dodged            |    76 |    20 ||    96
Block: Other             |    11 |     6 ||    17

Table legend: (Time is in decaauts)
 A = Elapsed time spent in this place.
 B = Non-inter-level travel time spent in this place.
 C = Inter-level travel time spent in this place.
 D = Time resting spent in this place.
 E = Time spent auto-exploring this place.
 F = Levels seen in this place.
 G = Mean time per level.
                   A        B        C        D        E       F      G
               +--------+--------+--------+--------+--------+-----+--------+
         Total |   2766 |   2667 |     99 |    695 |   1465 |   3 |  922.0 |
       Dungeon |   2766 |   2667 |     99 |    695 |   1465 |   3 |  922.0 |
               +--------+--------+--------+--------+--------+-----+--------+

Top non-repeatable levels by time:
     D:1: 1624 daAuts
     D:2: 912 daAuts
     D:3: 229 daAuts
